Hurricanes vs Rangers

Created - November 16 2011 at 17:31

Goals
1 2 3 OT1 T
Hurricanes 0 1 0 1 2
Rangers 0 1 0 0 1
Shots
1 2 3 OT1 T
Hurricanes 7 5 11 1 24
Rangers 3 18 12 0 33

Period #1

No Goal

Penalties :
Lubomir Visnovsky (NYR) for Interference (Minor) at 4:48, Mikko Koivu (NYR) for Slashing (Minor) at 13:09, Ian White (NYR) for Hooking (Minor) at 15:30

Period #2

1. Hurricanes , Martin Hanzal 4 (Jarome Iginla, Johnny Oduya) at 13:01 (PP)
2. Rangers , Henrik Sedin 8 (Lubomir Visnovsky, Mike Cammalleri) at 19:00

Penalties :
Eric Staal (CAR) for Roughing (Minor) at 0:12, Martin Hanzal (CAR) for Boarding (Minor) at 0:35, Jaroslav Spacek (CAR) for Roughing (Minor) at 4:53, Francis Bouillon (NYR) for High sticking (Minor) at 8:41, Ian White (NYR) for Tripping (Minor) at 11:21, Keith Ballard (NYR) for Interference (Minor) at 11:53, Ryan Wilson (CAR) for Roughing (Minor) at 14:55

Period #3

No Goal

Penalties :
Francis Bouillon (NYR) for Hooking (Minor) at 5:20, Sergei Gonchar (CAR) for Tripping (Minor) at 13:28, Guillaume Latendresse (NYR) for Slashing (Minor) at 16:46, Jaroslav Spacek (CAR) for Tripping (Minor) at 19:08

Overtime #1

3. Hurricanes , Jarome Iginla 11 (Anton Stralman) at 2:04

Penalties :
No Penalty

Goalie Stats

Johan Hedberg (CAR), 32 saves from 33 shots - (0.970), W, 4-8-0, 62:05 minutes
Niklas Backstrom (NYR), 22 saves from 24 shots - (0.917), OTL, 12-7-1, 62:05 minutes

Players Stats

Hurricanes
Player Name              G  A  P  +/- PIM S  H  SB FO    MP 
------------------------------------------------------------
Anton Stralman           0  1  1   0  0   1  2  1  0/0   20 
Brad Boyes               0  0  0   0  0   0  0  0  2/10  20 
Chris Thorburn           0  0  0   1  0   1  1  0  1/5   21 
Eric Staal               0  0  0  -1  2   2  1  0  15/33 25 
Jarome Iginla            1  1  2   0  0   5  0  1  3/4   25 
Jaroslav Spacek          0  0  0   0  4   2  1  0  0/0   21 
Johnny Oduya             0  1  1   0  0   1  0  1  0/0   21 
Martin Hanzal            1  0  1   0  2   2  2  0  9/23  22 
Matt Cooke               0  0  0   0  0   0  1  0  0/0   2  
Matt Hunwick             0  0  0   0  0   0  0  0  0/0   0  
Michael Ryder            0  0  0   0  0   2  1  0  0/1   4  
Mike Fisher              0  0  0   0  0   0  0  0  6/12  10 
Mike Weber               0  0  0   0  0   0  5  1  0/0   20 
Ryan Shannon             0  0  0   0  0   0  0  0  0/0   14 
Ryan Wilson              0  0  0   0  2   1  0  1  0/0   18 
Sergei Gonchar           0  0  0   0  2   1  1  2  0/0   24 
Shawn Thornton           0  0  0   0  0   1  0  0  0/0   9  
Thomas Vanek             0  0  0  -1  0   5  2  0  1/1   20 
Rangers
Player Name              G  A  P  +/- PIM S  H  SB FO    MP 
------------------------------------------------------------
Andrei Kostitsyn         0  0  0   0  0   1  1  0  0/1   10 
Cal Clutterbuck          0  0  0   0  0   3  0  0  0/0   5  
Dan Cleary               0  0  0   0  0   4  0  0  0/1   19 
Francis Bouillon         0  0  0  -1  4   0  5  0  0/0   19 
Guillaume Latendresse    0  0  0   0  2   3  0  0  1/1   14 
Henrik Sedin             1  0  1   0  0   6  0  0  27/36 20 
Ian White                0  0  0   0  4   3  1  0  0/0   21 
Jay Bouwmeester          0  0  0   1  0   1  0  1  0/0   24 
Keith Ballard            0  0  0   0  2   1  1  1  0/0   17 
Lubomir Visnovsky        0  1  1   0  2   1  1  0  0/0   23 
Mark Recchi              0  0  0   0  0   0  2  0  1/2   17 
Mike Cammalleri          0  1  1   1  0   3  1  0  0/0   11 
Mike Weaver              0  0  0   0  0   1  1  0  0/0   18 
Mikko Koivu              0  0  0  -1  2   2  1  0  8/19  20 
Nikolai Kulemin          0  0  0   1  0   2  1  0  0/1   11 
Nikolai Zherdev          0  0  0   0  0   1  1  0  1/1   13 
Scott Gomez              0  0  0   0  0   1  0  0  11/21 19 
Tom Pyatt                0  0  0   0  0   0  0  0  3/6   11 

3 Stars

1 - Johan Hedberg (CAR)
2 - Jarome Iginla (CAR)
3 - Henrik Sedin (NYR)

Power Play

Hurricanes - 1 on 8 Attempt(s) - 12.50%
Rangers - 0 on 6 Attempt(s) - 0.00%

Penalty Kill

Hurricanes - 6 on 6 Attempt(s) - 100.00% - Score 0 goal in Penalty Kill
Rangers - 7 on 8 Attempt(s) - 87.50% - Score 0 goal in Penalty Kill

Game Notes

No Game Note

Finance

Level 1 -- Attendance: 4145 (63.77%) -- Ticket Income $518,125.00
Level 2 -- Attendance: 2725 (54.50%) -- Ticket Income $204,375.00
Level 3 -- Attendance: 1888 (53.94%) -- Ticket Income $94,400.00
Level 4 -- Attendance: 1740 (79.09%) -- Ticket Income $43,500.00
Luxury Box -- Attendance: 656 (65.60%) -- Ticket Income $164,000.00
Game was played at the Madison Square Garden
Total Attendance: 11154 (61.29%)
Total Ticket Income: $1,077,625.00
Other Income: $211,829.40
Total Income: $1,289,454.00


Play by Play

Period #1

0:01 of 1st period - Eric Staal wins face-off versus Nikolai Kulemin in neutral zone.
0:15 of 1st period - Mike Cammalleri is hit by Thomas Vanek.
1:26 of 1st period - Icing by Johnny Oduya.
1:27 of 1st period - Scott Gomez wins face-off versus Brad Boyes in Hurricanes zone.
1:36 of 1st period - Shot by Guillaume Latendresse.
1:36 of 1st period - Stopped by Johan Hedberg with a rebound.
2:18 of 1st period - Shot by Chris Thorburn.
2:18 of 1st period - Shot Misses the Net.
2:20 of 1st period - Shot by Shawn Thornton.
2:20 of 1st period - Stopped by Niklas Backstrom without a rebound.
2:21 of 1st period - Eric Staal wins face-off versus Mikko Koivu in Rangers zone.
3:26 of 1st period - Shot by Henrik Sedin.
3:26 of 1st period - Stopped by Johan Hedberg with a rebound.
3:28 of 1st period - Shot by Lubomir Visnovsky.
3:28 of 1st period - Shot Blocked by Johnny Oduya.
3:30 of 1st period - Shot by Lubomir Visnovsky.
3:30 of 1st period - Stopped by Johan Hedberg without a rebound.
3:31 of 1st period - Mike Fisher wins face-off versus Tom Pyatt in Hurricanes zone.
3:42 of 1st period - Shot by Chris Thorburn.
3:42 of 1st period - Stopped by Niklas Backstrom without a rebound.
3:43 of 1st period - Scott Gomez wins face-off versus Mike Fisher in Rangers zone.
4:48 of 1st period - Minor Penalty to Lubomir Visnovsky for Interference.
4:49 of 1st period - Henrik Sedin wins face-off versus Eric Staal in Rangers zone.
6:03 of 1st period - Shot by Jaroslav Spacek.
6:03 of 1st period - Shot Misses the Net.
6:07 of 1st period - Shot by Ryan Wilson.
6:07 of 1st period - Stopped by Niklas Backstrom without a rebound.
6:08 of 1st period - Henrik Sedin wins face-off versus Martin Hanzal in Rangers zone.
6:37 of 1st period - Shot by Martin Hanzal.
6:37 of 1st period - Stopped by Niklas Backstrom with a rebound.
6:52 of 1st period - Icing by Eric Staal.
6:53 of 1st period - Tom Pyatt wins face-off versus Eric Staal in Hurricanes zone.
7:21 of 1st period - Icing by Mike Weber.
7:22 of 1st period - Eric Staal wins face-off versus Mikko Koivu in Hurricanes zone.
7:38 of 1st period - Icing by Mike Weaver.
7:39 of 1st period - Martin Hanzal wins face-off versus Mikko Koivu in Rangers zone.
8:57 of 1st period - Jarome Iginla is hit by Francis Bouillon and loses puck.
9:02 of 1st period - Shot by Anton Stralman.
9:02 of 1st period - Stopped by Niklas Backstrom with a rebound.
9:06 of 1st period - Shot by Jarome Iginla.
9:06 of 1st period - Stopped by Niklas Backstrom without a rebound.
9:07 of 1st period - Henrik Sedin wins face-off versus Mike Fisher in Rangers zone.
10:18 of 1st period - Shot by Mikko Koivu.
10:18 of 1st period - Shot Misses the Net.
10:34 of 1st period - Jarome Iginla is hit by Nikolai Zherdev and loses puck.
10:47 of 1st period - Thomas Vanek is hit by Mikko Koivu and loses puck.
12:11 of 1st period - Keith Ballard is hit by Mike Weber and loses puck.
13:09 of 1st period - Minor Penalty to Mikko Koivu for Slashing.
13:10 of 1st period - Henrik Sedin wins face-off versus Eric Staal in Rangers zone.
13:29 of 1st period - Icing by Michael Ryder.
13:30 of 1st period - Henrik Sedin wins face-off versus Chris Thorburn in Hurricanes zone.
14:53 of 1st period - Shot by Sergei Gonchar.
14:53 of 1st period - Shot Misses the Net.
14:55 of 1st period - Shot by Johnny Oduya.
14:55 of 1st period - Stopped by Niklas Backstrom without a rebound.
14:56 of 1st period - Henrik Sedin wins face-off versus Martin Hanzal in Rangers zone.
15:09 of 1st period - Mike Weber is hit by Ian White.
15:30 of 1st period - Minor Penalty to Ian White for Hooking.
15:31 of 1st period - Scott Gomez wins face-off versus Eric Staal in Rangers zone.
16:59 of 1st period - Icing by Michael Ryder.
17:00 of 1st period - Henrik Sedin wins face-off versus Mike Fisher in Hurricanes zone.
17:03 of 1st period - Shot by Henrik Sedin.
17:03 of 1st period - Shot Misses the Net.
17:41 of 1st period - Icing by Dan Cleary.
17:42 of 1st period - Mike Fisher wins face-off versus Dan Cleary in Rangers zone.
19:38 of 1st period - Lubomir Visnovsky is hit by Mike Weber and loses puck.
19:56 of 1st period - Icing by Mike Weber.
19:57 of 1st period - Mark Recchi wins face-off versus Martin Hanzal in Hurricanes zone.

Period #2

0:01 of 2nd period - Thomas Vanek wins face-off versus Henrik Sedin in neutral zone.
0:04 of 2nd period - Mike Cammalleri is hit by Thomas Vanek and loses puck.
0:12 of 2nd period - Minor Penalty to Eric Staal for Roughing.
0:13 of 2nd period - Martin Hanzal wins face-off versus Mikko Koivu in Hurricanes zone.
0:30 of 2nd period - Icing by Lubomir Visnovsky.
0:31 of 2nd period - Mikko Koivu wins face-off versus Martin Hanzal in Rangers zone.
0:35 of 2nd period - Minor Penalty to Martin Hanzal for Boarding.
0:36 of 2nd period - Henrik Sedin wins face-off versus Jarome Iginla in Hurricanes zone.
0:39 of 2nd period - Shot by Nikolai Kulemin.
0:39 of 2nd period - Stopped by Johan Hedberg without a rebound.
0:40 of 2nd period - Jarome Iginla wins face-off versus Henrik Sedin in Hurricanes zone.
0:57 of 2nd period - Shot by Nikolai Kulemin.
0:57 of 2nd period - Shot Misses the Net.
1:01 of 2nd period - Shot by Nikolai Kulemin.
1:01 of 2nd period - Shot Misses the Net.
1:03 of 2nd period - Shot by Andrei Kostitsyn.
1:03 of 2nd period - Deflect By Nikolai Kulemin.
1:03 of 2nd period - Stopped by Johan Hedberg without a rebound.
1:04 of 2nd period - Jarome Iginla wins face-off versus Mikko Koivu in Hurricanes zone.
1:31 of 2nd period - Shot by Mike Cammalleri.
1:31 of 2nd period - Stopped by Johan Hedberg without a rebound.
1:32 of 2nd period - Henrik Sedin wins face-off versus Chris Thorburn in Hurricanes zone.
2:11 of 2nd period - Icing by Jay Bouwmeester.
2:12 of 2nd period - Eric Staal wins face-off versus Henrik Sedin in Rangers zone.
2:13 of 2nd period - Shot by Jarome Iginla.
2:13 of 2nd period - Shot Blocked by Jay Bouwmeester.
3:23 of 2nd period - Icing by Sergei Gonchar.
3:24 of 2nd period - Mikko Koivu wins face-off versus Eric Staal in Hurricanes zone.
3:24 of 2nd period - Mikko Koivu is hit by Anton Stralman.
3:51 of 2nd period - Eric Staal is hit by Mike Weaver and loses puck.
4:44 of 2nd period - Shot by Cal Clutterbuck.
4:44 of 2nd period - Stopped by Johan Hedberg without a rebound.
4:45 of 2nd period - Scott Gomez wins face-off versus Martin Hanzal in Hurricanes zone.
4:52 of 2nd period - Shot by Guillaume Latendresse.
4:52 of 2nd period - Stopped by Johan Hedberg without a rebound.
4:53 of 2nd period - Scott Gomez wins face-off versus Martin Hanzal in Hurricanes zone.
4:53 of 2nd period - Minor Penalty to Jaroslav Spacek for Roughing.
4:54 of 2nd period - Mikko Koivu wins face-off versus Eric Staal in Hurricanes zone.
4:57 of 2nd period - Shot by Dan Cleary.
4:57 of 2nd period - Stopped by Johan Hedberg without a rebound.
4:58 of 2nd period - Eric Staal wins face-off versus Mikko Koivu in Hurricanes zone.
4:58 of 2nd period - Eric Staal is hit by Mike Cammalleri.
5:28 of 2nd period - Icing by Mikko Koivu.
5:29 of 2nd period - Mikko Koivu wins face-off versus Martin Hanzal in Rangers zone.
5:29 of 2nd period - Lubomir Visnovsky is hit by Martin Hanzal and loses puck.
5:51 of 2nd period - Icing by Jay Bouwmeester.
5:52 of 2nd period - Eric Staal wins face-off versus Henrik Sedin in Rangers zone.
6:02 of 2nd period - Off-side.
6:03 of 2nd period - Henrik Sedin wins face-off versus Martin Hanzal in neutral zone.
6:24 of 2nd period - Shot by Henrik Sedin.
6:24 of 2nd period - Stopped by Johan Hedberg without a rebound.
6:25 of 2nd period - Eric Staal wins face-off versus Mikko Koivu in Hurricanes zone.
6:34 of 2nd period - Lubomir Visnovsky is hit by Eric Staal and loses puck.
7:14 of 2nd period - Shot by Jaroslav Spacek.
7:14 of 2nd period - Stopped by Niklas Backstrom without a rebound.
7:15 of 2nd period - Tom Pyatt wins face-off versus Chris Thorburn in Rangers zone.
7:24 of 2nd period - Shot by Andrei Kostitsyn.
7:24 of 2nd period - Stopped by Johan Hedberg with a rebound.
7:48 of 2nd period - Shot by Jay Bouwmeester.
7:48 of 2nd period - Stopped by Johan Hedberg without a rebound.
7:49 of 2nd period - Eric Staal wins face-off versus Mikko Koivu in Hurricanes zone.
8:41 of 2nd period - Minor Penalty to Francis Bouillon for High sticking.
8:42 of 2nd period - Scott Gomez wins face-off versus Brad Boyes in Rangers zone.
8:42 of 2nd period - Scott Gomez is hit by Chris Thorburn.
9:13 of 2nd period - Shot by Ryan Wilson.
9:13 of 2nd period - Deflect By Brad Boyes.
9:13 of 2nd period - Shot Misses the Net.
9:15 of 2nd period - Shot by Jaroslav Spacek.
9:15 of 2nd period - Stopped by Niklas Backstrom without a rebound.
9:16 of 2nd period - Henrik Sedin wins face-off versus Brad Boyes in Rangers zone.
10:00 of 2nd period - Icing by Brad Boyes.
10:01 of 2nd period - Brad Boyes wins face-off versus Scott Gomez in Hurricanes zone.
10:36 of 2nd period - Icing by Ryan Wilson.
10:37 of 2nd period - Henrik Sedin wins face-off versus Brad Boyes in Hurricanes zone.
10:57 of 2nd period - Dan Cleary is hit by Mike Weber and loses puck.
11:21 of 2nd period - Minor Penalty to Ian White for Tripping.
11:22 of 2nd period - Eric Staal wins face-off versus Henrik Sedin in Rangers zone.
11:43 of 2nd period - Shot by Michael Ryder.
11:43 of 2nd period - Stopped by Niklas Backstrom without a rebound.
11:44 of 2nd period - Martin Hanzal wins face-off versus Scott Gomez in Rangers zone.
11:53 of 2nd period - Minor Penalty to Keith Ballard for Interference.
11:54 of 2nd period - Henrik Sedin wins face-off versus Michael Ryder in Rangers zone.
12:41 of 2nd period - Shot by Jarome Iginla.
12:41 of 2nd period - Stopped by Niklas Backstrom with a rebound.
13:01 of 2nd period - Shot by Jarome Iginla.
13:01 of 2nd period - Deflect By Martin Hanzal.
13:01 of 2nd period - Goal by Martin Hanzal - Hurricanes : 1 - Rangers : 0.
13:02 of 2nd period - Tom Pyatt wins face-off versus Brad Boyes in neutral zone.
13:21 of 2nd period - Tom Pyatt is hit by Michael Ryder and loses puck.
13:28 of 2nd period - Shot by Thomas Vanek.
13:28 of 2nd period - Shot Misses the Net.
13:30 of 2nd period - Shot by Michael Ryder.
13:30 of 2nd period - Shot Misses the Net.
13:41 of 2nd period - Icing by Johnny Oduya.
13:42 of 2nd period - Henrik Sedin wins face-off versus Eric Staal in Hurricanes zone.
13:45 of 2nd period - Shot by Mark Recchi.
13:45 of 2nd period - Shot Blocked by Sergei Gonchar.
14:05 of 2nd period - Shot by Dan Cleary.
14:05 of 2nd period - Shot Misses the Net.
14:07 of 2nd period - Shot by Nikolai Zherdev.
14:07 of 2nd period - Stopped by Johan Hedberg without a rebound.
14:08 of 2nd period - Scott Gomez wins face-off versus Martin Hanzal in Hurricanes zone.
14:55 of 2nd period - Minor Penalty to Ryan Wilson for Roughing.
14:56 of 2nd period - Eric Staal wins face-off versus Andrei Kostitsyn in Hurricanes zone.
14:56 of 2nd period - Eric Staal is hit by Nikolai Kulemin.
15:21 of 2nd period - Shot by Henrik Sedin.
15:21 of 2nd period - Stopped by Johan Hedberg with a rebound.
15:23 of 2nd period - Shot by Ian White.
15:23 of 2nd period - Stopped by Johan Hedberg without a rebound.
15:24 of 2nd period - Mikko Koivu wins face-off versus Martin Hanzal in Hurricanes zone.
15:45 of 2nd period - Shot by Mikko Koivu.
15:45 of 2nd period - Shot Misses the Net.
15:52 of 2nd period - Icing by Francis Bouillon.
15:53 of 2nd period - Mikko Koivu wins face-off versus Eric Staal in Rangers zone.
16:26 of 2nd period - Shot by Henrik Sedin.
16:26 of 2nd period - Stopped by Johan Hedberg with a rebound.
16:28 of 2nd period - Shot by Ian White.
16:28 of 2nd period - Stopped by Johan Hedberg without a rebound.
16:29 of 2nd period - Henrik Sedin wins face-off versus Eric Staal in Hurricanes zone.
16:38 of 2nd period - Shot by Ian White.
16:38 of 2nd period - Stopped by Johan Hedberg without a rebound.
16:39 of 2nd period - Henrik Sedin wins face-off versus Chris Thorburn in Hurricanes zone.
17:00 of 2nd period - Shot by Scott Gomez.
17:00 of 2nd period - Shot Misses the Net.
17:04 of 2nd period - Shot by Scott Gomez.
17:04 of 2nd period - Shot Blocked by Jarome Iginla.
17:08 of 2nd period - Shot by Mark Recchi.
17:08 of 2nd period - Shot Misses the Net.
17:12 of 2nd period - Shot by Guillaume Latendresse.
17:12 of 2nd period - Shot Blocked by Anton Stralman.
17:14 of 2nd period - Shot by Lubomir Visnovsky.
17:14 of 2nd period - Shot Misses the Net.
17:16 of 2nd period - Shot by Keith Ballard.
17:16 of 2nd period - Stopped by Johan Hedberg with a rebound.
17:20 of 2nd period - Shot by Lubomir Visnovsky.
17:20 of 2nd period - Shot Blocked by Sergei Gonchar.
18:09 of 2nd period - Dan Cleary is hit by Anton Stralman.
18:17 of 2nd period - Shot by Dan Cleary.
18:17 of 2nd period - Stopped by Johan Hedberg with a rebound.
18:24 of 2nd period - Icing by Jarome Iginla.
18:25 of 2nd period - Henrik Sedin wins face-off versus Eric Staal in Hurricanes zone.
18:25 of 2nd period - Lubomir Visnovsky is hit by Sergei Gonchar and loses puck.
19:00 of 2nd period - Shot by Henrik Sedin.
19:00 of 2nd period - Goal by Henrik Sedin - Hurricanes : 1 - Rangers : 1.
19:01 of 2nd period - Scott Gomez wins face-off versus Martin Hanzal in neutral zone.
19:19 of 2nd period - Brad Boyes is hit by Francis Bouillon and loses puck.

Period #3

0:01 of 3rd period - Henrik Sedin wins face-off versus Eric Staal in neutral zone.
0:14 of 3rd period - Shot by Mike Cammalleri.
0:14 of 3rd period - Shot Misses the Net.
1:32 of 3rd period - Off-side.
1:33 of 3rd period - Scott Gomez wins face-off versus Mike Fisher in neutral zone.
2:14 of 3rd period - Shawn Thornton is hit by Francis Bouillon.
3:34 of 3rd period - Shot by Mikko Koivu.
3:34 of 3rd period - Stopped by Johan Hedberg without a rebound.
3:35 of 3rd period - Mikko Koivu wins face-off versus Mike Fisher in Hurricanes zone.
3:55 of 3rd period - Icing by Mike Weaver.
3:56 of 3rd period - Eric Staal wins face-off versus Mikko Koivu in Rangers zone.
4:30 of 3rd period - Shot by Thomas Vanek.
4:30 of 3rd period - Stopped by Niklas Backstrom with a rebound.
4:32 of 3rd period - Shot by Eric Staal.
4:32 of 3rd period - Shot Misses the Net.
4:34 of 3rd period - Shot by Sergei Gonchar.
4:34 of 3rd period - Shot Misses the Net.
4:55 of 3rd period - Icing by Mike Weber.
4:56 of 3rd period - Henrik Sedin wins face-off versus Mike Fisher in Hurricanes zone.
5:05 of 3rd period - Shot by Mike Cammalleri.
5:05 of 3rd period - Stopped by Johan Hedberg without a rebound.
5:06 of 3rd period - Mike Fisher wins face-off versus Scott Gomez in Hurricanes zone.
5:14 of 3rd period - Icing by Keith Ballard.
5:15 of 3rd period - Martin Hanzal wins face-off versus Scott Gomez in Rangers zone.
5:15 of 3rd period - Martin Hanzal is hit by Francis Bouillon.
5:20 of 3rd period - Minor Penalty to Francis Bouillon for Hooking.
5:21 of 3rd period - Scott Gomez wins face-off versus Brad Boyes in Rangers zone.
6:02 of 3rd period - Icing by Jarome Iginla.
6:03 of 3rd period - Eric Staal wins face-off versus Scott Gomez in Hurricanes zone.
6:14 of 3rd period - Shot by Jarome Iginla.
6:14 of 3rd period - Stopped by Niklas Backstrom without a rebound.
6:15 of 3rd period - Scott Gomez wins face-off versus Eric Staal in Rangers zone.
6:31 of 3rd period - Sergei Gonchar is hit by Keith Ballard and loses puck.
6:42 of 3rd period - Shot by Sergei Gonchar.
6:42 of 3rd period - Shot Misses the Net.
6:55 of 3rd period - Icing by Jaroslav Spacek.
6:56 of 3rd period - Henrik Sedin wins face-off versus Brad Boyes in Hurricanes zone.
7:11 of 3rd period - Shot by Thomas Vanek.
7:11 of 3rd period - Stopped by Niklas Backstrom without a rebound.
7:12 of 3rd period - Henrik Sedin wins face-off versus Eric Staal in Rangers zone.
7:57 of 3rd period - Shot by Dan Cleary.
7:57 of 3rd period - Stopped by Johan Hedberg without a rebound.
7:58 of 3rd period - Mike Fisher wins face-off versus Mark Recchi in Hurricanes zone.
7:58 of 3rd period - Mike Weber is hit by Mark Recchi and loses puck.
8:06 of 3rd period - Ryan Wilson is hit by Francis Bouillon and loses puck.
8:41 of 3rd period - Sergei Gonchar is hit by Mark Recchi and loses puck.
9:03 of 3rd period - Icing by Keith Ballard.
9:04 of 3rd period - Guillaume Latendresse wins face-off versus Martin Hanzal in Rangers zone.
9:06 of 3rd period - Icing by Mark Recchi.
9:07 of 3rd period - Martin Hanzal wins face-off versus Scott Gomez in Rangers zone.
9:59 of 3rd period - Henrik Sedin is hit by Martin Hanzal and loses puck.
10:48 of 3rd period - Shot by Mike Weaver.
10:48 of 3rd period - Stopped by Johan Hedberg without a rebound.
10:49 of 3rd period - Mike Fisher wins face-off versus Tom Pyatt in Hurricanes zone.
10:58 of 3rd period - Shot by Cal Clutterbuck.
10:58 of 3rd period - Stopped by Johan Hedberg without a rebound.
10:59 of 3rd period - Nikolai Zherdev wins face-off versus Eric Staal in Hurricanes zone.
11:25 of 3rd period - Shot by Thomas Vanek.
11:25 of 3rd period - Stopped by Niklas Backstrom with a rebound.
11:29 of 3rd period - Shot by Thomas Vanek.
11:29 of 3rd period - Stopped by Niklas Backstrom without a rebound.
11:30 of 3rd period - Mike Fisher wins face-off versus Tom Pyatt in Rangers zone.
11:42 of 3rd period - Andrei Kostitsyn is hit by Mike Weber and loses puck.
12:03 of 3rd period - Shot by Cal Clutterbuck.
12:03 of 3rd period - Stopped by Johan Hedberg with a rebound.
12:10 of 3rd period - Mike Fisher is hit by Lubomir Visnovsky and loses puck.
12:48 of 3rd period - Shot by Scott Gomez.
12:48 of 3rd period - Shot Misses the Net.
12:50 of 3rd period - Shot by Keith Ballard.
12:50 of 3rd period - Shot Misses the Net.
12:52 of 3rd period - Shot by Guillaume Latendresse.
12:52 of 3rd period - Stopped by Johan Hedberg with a rebound.
12:54 of 3rd period - Shot by Francis Bouillon.
12:54 of 3rd period - Shot Hit the Post.
13:28 of 3rd period - Minor Penalty to Sergei Gonchar for Tripping.
13:29 of 3rd period - Henrik Sedin wins face-off versus Martin Hanzal in Hurricanes zone.
13:31 of 3rd period - Nikolai Kulemin is hit by Mike Weber.
14:09 of 3rd period - Johnny Oduya is hit by Andrei Kostitsyn and loses puck.
14:48 of 3rd period - Shot by Lubomir Visnovsky.
14:48 of 3rd period - Shot Misses the Net.
14:50 of 3rd period - Shot by Francis Bouillon.
14:50 of 3rd period - Shot Blocked by Ryan Wilson.
15:18 of 3rd period - Shot by Henrik Sedin.
15:18 of 3rd period - Shot Blocked by Mike Weber.
15:20 of 3rd period - Shot by Nikolai Kulemin.
15:20 of 3rd period - Deflect By Guillaume Latendresse.
15:20 of 3rd period - Shot Misses the Net.
15:22 of 3rd period - Shot by Scott Gomez.
15:22 of 3rd period - Stopped by Johan Hedberg without a rebound.
15:23 of 3rd period - Mikko Koivu wins face-off versus Martin Hanzal in Hurricanes zone.
15:29 of 3rd period - Dan Cleary is hit by Matt Cooke and loses puck.
15:46 of 3rd period - Shot by Dan Cleary.
15:46 of 3rd period - Stopped by Johan Hedberg without a rebound.
15:47 of 3rd period - Martin Hanzal wins face-off versus Mikko Koivu in Hurricanes zone.
16:09 of 3rd period - Icing by Johnny Oduya.
16:10 of 3rd period - Martin Hanzal wins face-off versus Scott Gomez in Hurricanes zone.
16:34 of 3rd period - Mark Recchi is hit by Jaroslav Spacek and loses puck.
16:46 of 3rd period - Minor Penalty to Guillaume Latendresse for Slashing.
16:47 of 3rd period - Henrik Sedin wins face-off versus Eric Staal in Rangers zone.
16:53 of 3rd period - Icing by Sergei Gonchar.
16:54 of 3rd period - Henrik Sedin wins face-off versus Eric Staal in Hurricanes zone.
17:21 of 3rd period - Shot by Jarome Iginla.
17:21 of 3rd period - Shot Blocked by Keith Ballard.
17:23 of 3rd period - Shot by Eric Staal.
17:23 of 3rd period - Stopped by Niklas Backstrom without a rebound.
17:24 of 3rd period - Eric Staal wins face-off versus Henrik Sedin in Rangers zone.
17:25 of 3rd period - Shot by Thomas Vanek.
17:25 of 3rd period - Stopped by Niklas Backstrom without a rebound.
17:26 of 3rd period - Chris Thorburn wins face-off versus Scott Gomez in Rangers zone.
17:42 of 3rd period - Shot by Sergei Gonchar.
17:42 of 3rd period - Shot Misses the Net.
17:46 of 3rd period - Shot by Jarome Iginla.
17:46 of 3rd period - Shot Misses the Net.
17:48 of 3rd period - Shot by Eric Staal.
17:48 of 3rd period - Stopped by Niklas Backstrom without a rebound.
17:49 of 3rd period - Brad Boyes wins face-off versus Henrik Sedin in Rangers zone.
18:19 of 3rd period - Shot by Michael Ryder.
18:19 of 3rd period - Stopped by Niklas Backstrom without a rebound.
18:20 of 3rd period - Eric Staal wins face-off versus Scott Gomez in Rangers zone.
18:21 of 3rd period - Shot by Jarome Iginla.
18:21 of 3rd period - Stopped by Niklas Backstrom without a rebound.
18:22 of 3rd period - Eric Staal wins face-off versus Scott Gomez in Rangers zone.
18:41 of 3rd period - Shot by Sergei Gonchar.
18:41 of 3rd period - Shot Misses the Net.
18:43 of 3rd period - Shot by Sergei Gonchar.
18:43 of 3rd period - Stopped by Niklas Backstrom without a rebound.
18:44 of 3rd period - Henrik Sedin wins face-off versus Brad Boyes in Rangers zone.
19:08 of 3rd period - Minor Penalty to Jaroslav Spacek for Tripping.
19:09 of 3rd period - Martin Hanzal wins face-off versus Henrik Sedin in Hurricanes zone.
19:23 of 3rd period - Icing by Ian White.
19:24 of 3rd period - Henrik Sedin wins face-off versus Eric Staal in Rangers zone.
19:35 of 3rd period - Shot by Henrik Sedin.
19:35 of 3rd period - Stopped by Johan Hedberg without a rebound.
19:36 of 3rd period - Martin Hanzal wins face-off versus Mikko Koivu in Hurricanes zone.
19:47 of 3rd period - Shot by Mike Cammalleri.
19:47 of 3rd period - Stopped by Johan Hedberg with a rebound.
19:51 of 3rd period - Shot by Mikko Koivu.
19:51 of 3rd period - Stopped by Johan Hedberg without a rebound.
19:52 of 3rd period - Jarome Iginla wins face-off versus Henrik Sedin in Hurricanes zone.

Overtime #1

0:01 of 1st overtime period - Henrik Sedin wins face-off versus Eric Staal in neutral zone.
2:04 of 1st overtime period - Shot by Jarome Iginla.
2:04 of 1st overtime period - Goal by Jarome Iginla - Hurricanes : 2 - Rangers : 1.


Output by the SimonT Hockey Simulator (STHS) for Stephane Roy -- Original Page W3C XHTML 1.0 Valid